 Dungeon Crawl Stone Soup version 0.32-a0-871-ge202e49faa (console) character file.

Game seed: 3213956962608669993

2158621 starberry the Wrestler (level 27, 272/272 (274) HPs)
             Began as a Troll Conjurer on Mar 29, 2024.
             Was an Initiate of Gozag.
             Escaped with the Orb
             ... and 4 runes on Mar 30, 2024!
             The game lasted 03:57:20 (80151 turns).

starberry the Wrestler (Troll Conjurer)            Turns: 80151, Time: 03:57:20

HP:   272/272 (274) AC: 32    Str: 40    XL:     27
MP:   26/26         EV: 14    Int: 25    God:    Gozag
Gold: 13727         SH: 21    Dex: 18    Spells: 32/36 levels left

rFire   + +          .
                       - Unarmed
rCold   + . .        L - +0 tower shield
rNeg    + . .        u - +8 pearl dragon scales
rPois   +            J - +2 hat {Stlth+}
rElec   +            k - +2 cloak {Will+}
rCorr   +            (gloves unavailable)
SInv    .            (boots unavailable)
Will    ++++.        f - amulet of Imuyge {Spirit rElec Str+5 Int+4 Slay+4}
Stlth   +            N - ring of Hohuvot {rPois Will+ Dex+3}
HPRegen 1.45/turn    T - ring of the Healing Gods {rElec rF+ Str+6 Int+7 Dex+3}
MPRegen 0.20/turn

%: clarity, guardian spirit
@: mighty, resistant, hasted, studying 2 skills, lightly drained, very quick
A: large, unfitting armour, claws 3, regeneration 1, shaggy fur 1, tough skin 1,
clarity, frail 1, low MP 1, evolution 1
0: Orb of Zot
}: 4/15 runes: serpentine, barnacled, slimy, silver
a: Renounce Religion, Potion Petition, Call Merchant, Bribe Branch


You escaped.
You worshipped Gozag.
Gozag was extremely pleased with you.
You visited 10 branches of the dungeon, and saw 52 of its levels.
You also visited: Ossuary, Gauntlet and Wizlab.

You collected 31577 gold pieces.
You spent 7976 gold pieces at shops.
You paid 9874 gold pieces to Gozag.

Inventory:

Missiles
 v - 6 silver javelins
 w - 7 throwing nets
 B - 30 javelins
 C - 80 large rocks (quivered)
 I - 30 curare-tipped darts
Armour
 k - a +2 cloak of willpower (worn)
 u - +8 pearl dragon scales (worn)
 J - a +2 hat of stealth (worn)
 L - a +0 tower shield (worn)
Jewellery
 a - the ring "Pepi" {Wiz +Blink rCorr}
   (You took it off a deep elf sorcerer on level 3 of the Elven Halls)

   [ring of wizardry]

   Wiz:       It improves your spell success rate.
   +Blink:    It lets you blink.
   rCorr:     It protects you from acid and corrosion.
 f - the amulet of Imuyge (around neck) {Spirit rElec Str+5 Int+4 Slay+4}
   (You found it on level 4 of the Vaults)

   [amulet of guardian spirit]

   Spirit:    It causes incoming damage to be divided between your reserves of
   health and magic.
   Str+5:     It affects your strength (+5).
   Int+4:     It affects your intelligence (+4).
   Slay+4:    It affects your accuracy & damage with ranged weapons and melee
   (+4).
   rElec:     It insulates you from electricity.
 n - a ring of protection from cold
 E - a ring of see invisible
 N - the ring of Hohuvot (left claw) {rPois Will+ Dex+3}
   (You found it on level 9 of the Dungeon)

   [ring of poison resistance]

   Dex+3:     It affects your dexterity (+3).
   rPois:     It protects you from poison.
   Will+:     It increases your willpower.
 O - the amulet of the Four Winds {rN+ Will+++ Clar}
   (You bought it in a shop on level 2 of the Orcish Mines)

   [amulet of nothing]

   rN+:       It protects you from negative energy.
   Will+++:   It greatly increases your willpower.
   Clar:      It protects you from confusion, rage, mesmerisation and fear.
 Q - the ring of Efofrowi {Fly AC+4}
   (You bought it in a shop on level 1 of the Elven Halls)

   [ring of protection]

   AC+4:      It affects your AC (+4).
   Fly:       It grants you flight.
 T - the ring of the Healing Gods (right claw) {rElec rF+ Str+6 Int+7 Dex+3}
   (You bought it in a shop on level 3 of the Shoals)

   [ring of strength]

   Str+6:     It affects your strength (+6).
   Int+7:     It affects your intelligence (+7).
   Dex+3:     It affects your dexterity (+3).
   rF+:       It protects you from fire.
   rElec:     It insulates you from electricity.
 V - the ring "Kaoxzial" {EV+5 Str+7 Int-2}
   (You bought it in a shop on level 3 of the Shoals)

   [ring of evasion]

   EV+5:      It affects your evasion (+5).
   Str+7:     It affects your strength (+7).
   Int-2:     It affects your intelligence (-2).
Wands
 h - a wand of digging (6)
 A - a wand of paralysis (39)
 U - a wand of acid (32)
 X - a wand of warping (51)
Scrolls
 c - 9 scrolls of teleportation
 g - 6 scrolls of fear
 i - 4 scrolls of blinking
 m - 7 scrolls of revelation
 p - 5 scrolls of amnesia
 r - 7 scrolls of fog
 t - 12 scrolls of vulnerability
 y - 3 scrolls of summoning
 P - 18 scrolls of poison
 S - a scroll of silence
Potions
 b - 3 potions of magic
 d - 29 potions of curing
 e - 15 potions of mutation
 j - 6 potions of resistance
 l - 6 potions of invisibility
 o - 20 potions of heal wounds
 q - 6 potions of ambrosia
 s - 6 potions of cancellation
 x - 7 potions of attraction
 z - 6 potions of might
 F - a potion of berserk rage
 G - 10 potions of lignification
 M - 5 potions of haste
 W - 4 potions of brilliance
 Y - 12 potions of enlightenment
Miscellaneous
 D - a phial of floods
 H - a sack of spiders
 K - a lightning rod (4/4)
 R - a phantom mirror
 Z - a condenser vane


   Skills:
 + Level 23.1 Fighting
 - Level 20.1 Throwing
 - Level 15.0 Armour
 - Level 12.0 Dodging
 - Level 1.0 Stealth
 - Level 19.0 Shields
 + Level 23.4 Unarmed Combat
 - Level 5.0 Spellcasting
 - Level 2.9 Conjurations
 - Level 6.0 Translocations
 - Level 6.0 Evocations


You had 32 spell levels left.
You knew the following spells:

 Your Spells              Type           Power      Damage    Failure   Level
a - Lesser Beckoning      Tloc           72%        N/A       2%          2
B - Blink                 Tloc           72%        N/A       2%          2

Your spell library contained the following spells:

 Spells                   Type           Power      Damage    Failure   Level
 Momentum Strike          Conj/Tloc      56%        3d9       4%          2
 Teleport Other           Tloc           36%        N/A       4%          3
 Magic Dart               Conj           84%        1d7       6%          1
 Searing Ray              Conj           42%        2d6       9%          2
 Kiss of Death            Conj/Necr      52%        2d9       11%         1
 Sting                    Conj/Alch      52%        1d6       11%         1
 Static Discharge         Conj/Air       26%        3-5/arc   16%         2
 Maxwell's Portable Pile  Tloc           36%        2d(10-20) 16%         4
 Passage of Golubria      Tloc           36%        N/A       16%         4
 Volatile Blastmotes      Fire/Tloc      42%        2d13      17%         3
 Freeze                   Ice            24%        1d4       19%         1
 Sandblast                Erth           12%        2d6       19%         1
 Slow                     Hex            24%        N/A       19%         1
 Call Imp                 Summ           12%        N/A       28%         2
 Ensorcelled Hibernation  Hex/Ice        12%        N/A       28%         2
 Jinxbite                 Hex            12%        N/A       28%         2
 Mercury Vapours          Alch/Air       12%        N/A       28%         2
 Sublimation of Blood     Necr           6%         N/A       28%         2
 Iskenderun's Mystic Bla Conj/Tloc 28%            2d7        (+2d3     30%         4
 Dazzling Flash           Conj/Hex       26%        N/A       32%         3
 Hailstorm                Conj/Ice       13%        3d6       32%         3
 Stone Arrow              Conj/Erth      26%        3d8       32%         3
 Mephitic Cloud           Conj/Alch/Air  11%        N/A       36%         3
 Call Canine Familiar     Summ           6%         N/A       50%         3
 Confusing Touch          Hex            6%         N/A       50%         3
 Frozen Ramparts          Ice            12%        1d2       50%         3
 Fugue of the Fallen      Necr           6%         N/A       50%         3
 Inner Flame              Hex/Fire       6%         N/A       50%         3
 Ozocubu's Armour         Ice            6%         N/A       50%         3
 Sigil of Binding         Hex            6%         N/A       50%         3
 Summon Ice Beast         Ice/Summ       6%         N/A       50%         3
 Vampiric Draining        Necr           6%         2d6       50%         3
 Dimensional Bullseye     Hex/Tloc       10%        N/A       50%         4
 Vhi's Electric Charge    Tloc/Air       42%        N/A       50%         4
 Brom's Barrelling Bould  Conj/Erth      13%        2d4       71%         4
 Flame Wave               Conj/Fire      13%        2d6       71%         4
 Fulminant Prism          Conj/Alch      6%         3d7       71%         4
 Airstrike                Air            3%         2d(1-17)  88%         4
 Anguish                  Hex/Necr       3%         N/A       88%         4
 Animate Armour           Summ/Erth      12%        N/A       88%         4
 Cause Fear               Hex            3%         N/A       88%         4
 Dispel Undead            Necr           6%         3d8       88%         4
 Ignite Poison            Fire/Alch      6%         N/A       88%         4
 Leda's Liquefaction      Alch/Erth      3%         N/A       88%         4
 Martyr's Knell           Necr/Summ      6%         N/A       88%         4
 Olgreb's Toxic Radiance  Alch           6%         N/A       88%         4
 Petrify                  Alch/Erth      6%         N/A       88%         4
 Sticky Flame             Fire/Alch      6%         2d4       88%         4
 Summon Blazeheart Golem  Fire/Summ      6%         N/A       88%         4
 Summon Lightning Spire   Summ/Air       6%         N/A       88%         4
 Arcjolt                  Conj/Air       6%         1d16      96%         5
 Irradiate                Conj/Alch      6%         3d13      96%         5
 Alistair's Intoxication  Alch           4%         N/A       99%         5
 Borgnjor's Vile Clutch   Necr/Erth      3%         N/A       99%         5
 Lee's Rapid Deconstruct  Erth           3%         3d5*      99%         5
 Silence                  Hex/Air        3%         N/A       99%         5
 Summon Mana Viper        Hex/Summ       6%         N/A       99%         5
 Eringya's Noxious Bog    Alch           3%         4d6       100%        6
 Permafrost Eruption      Ice/Erth       3%         2x4d2     100%        6
 Plasma Beam              Fire/Air       3%         2x1d13    100%        6
 Sculpt Simulacrum        Ice/Alch       3%         N/A       100%        6
 Starburst                Conj/Fire      6%         6d4       100%        6
 Enfeeble                 Hex            3%         N/A       100%        7
 Manifold Assault         Tloc           18%        N/A       100%        7
 Monstrous Menagerie      Summ           3%         N/A       100%        7
 Orb of Destruction       Conj           10%        9d6       100%        7
 Spellforged Servitor     Conj/Summ      6%         N/A       100%        7
 Summon Hydra             Summ           3%         N/A       100%        7
 Ignition                 Fire           3%         3d4       100%        8
 Lehudib's Crystal Spear  Conj/Erth      6%         10d3      100%        8
 Maxwell's Capacitive Co  Air            3%         ∞         100%        8
 Chain Lightning          Conj/Air       6%         3d8       100%        9


Dungeon Overview and Level Annotations

Branches:
Dungeon (15/15)            Temple (0/1) D:6            Lair (5/5) D:8
 Shoals (4/4) Lair:2        Snake (4/4) Lair:2        Slime (5/5) Lair:5
    Orc (2/2) D:11            Elf (3/3) Orc:2        Vaults (5/5) D:13
  Crypt (0/3) Vaults:2     Depths (4/4) D:15            Zot (5/5) Depths:4
Ossuary (visited)          WizLab (visited)         Gauntlet (visited)

Altars:
Ashenzari
Cheibriados
Dithmenos
Elyvilon
Fedhas
Gozag
Hepliaklqana
Makhleb
Nemelex Xobeh
Okawaru
Ru
Sif Muna
Trog
Uskayaw
Vehumet
Wu Jian
Xom
The Shining One
Jiyva
Lugonu

Shops:
D:8 *[[[   D:15 !!*   Orc:2 *:=(   Elf:1 *==!:?*   Shoals:2 *   Shoals:3 =*=([
Snake:4 [!   Vaults:1 (   Vaults:3 (   Vaults:5 (?!

Portals:
Hell: Depths:1 Depths:2 Depths:3 Depths:4
Abyss: Depths:1 Depths:3
Pandemonium: Depths:2 Depths:3 Depths:4
Ziggurat: Depths:2

Annotations:
D:14 4 transporters


Innate Abilities, Weirdness & Mutations

You are too large for most types of armour.
You have claws for hands.
Your natural rate of healing is unusually fast.
You are covered in fur. (AC +1)
You have tough skin. (AC +1)
You possess an exceptional clarity of mind.
You are frail. (-10% HP)
Your magical capacity is low. (-10% MP)
You have hidden genetic potential.


Message History

Bychos is moderately wounded.
You mangle Bychos!!
Bychos is moderately wounded.
You claw Bychos!
Bychos is heavily wounded.
You block Bychos's attack. The soul eater barely misses you.
You claw Bychos!
Bychos is heavily wounded.
You mangle Bychos!!
Bychos is severely wounded.
Bychos gestures.
Bychos flickers and vanishes!
Deactivating autopickup; reactivate with Ctrl-A.
You block the ice devil's attack. You block the soul eater's attack.
You eviscerate something!!!
Reactivating autopickup.
You feel a bit more experienced.
You mangle the soul eater!!
The soul eater is heavily wounded.
The ice devil completely misses you. The soul eater hits you.
You partially resist.
You feel drained.
You barely miss the soul eater.
The soul eater is heavily wounded.
You closely miss the ice devil. You block the ice devil's attack.
You block the soul eater's attack.
You eviscerate the soul eater!!!
You kill the soul eater!
You closely miss the ice devil. You eviscerate the ice devil!!!
The ice devil is almost dead.
The ice devil hits you but does no damage.
You eviscerate the ice devil!!!
You kill the ice devil!
No target in view!
You now have 13718 gold pieces (gained 20).
You now have 13722 gold pieces (gained 4).
You now have 13727 gold pieces (gained 5).
You see here a deep dwarf skeleton.
There is a staircase leading out of the dungeon here.
You have escaped!

.)...#
#..######)###.#.#..#
####.# #.........#
#.#.#).# #.#
#..####...###.#.#..#
#.#
#......[...).......#
#.#
#.#####.........####
##.######.#
#######.###
##.#.....÷.# #.#
##.###......# ###
#.# #.## #......#
#@## #.#
##.###......# #..##
#.# ##.#.......#
#...# #.#
##.#.)....####...##
#.#
###......##∩..÷..#
#.#
#.....###......###.#
#.....# ##.....∩##.#
###.### #.....∩##.#
#.# ##...÷.∩##.#


There were no monsters in sight!

Vanquished Creatures
  the Royal Jelly (Slime:5)
  An ancient lich (Depths:4)
  8 dread liches
  3 orbs of fire (Zot:5)
  Mennas (Vaults:5)
  A juggernaut (Depths:4)
  Josephina (Zot:2)
  Saint Roka (D:13)
  Vashnia (Snake:1)
  2 curse toes (Zot:4)
  6 Killer Klowns
  12 golden dragons
  Nikola (Vaults:1)
  A Tzitzimitl (Depths:3)
  Jorgrun (Shoals:1)
  A mutant beast (WizLab)
  4 electric golems
  2 pandemonium lords
  A Hell Sentinel (D:11)
  A walking earthen tome (Depths:2)
  26 Orb Guardians
  2 deep elf blademasters
  6 liches
  13 tentacled monstrosities
  4 deep elf master archers (Elf:3)
  A walking frostbound tome (Depths:4)
  9 titans (Vaults:5)
  4 krakens
  8 quicksilver dragons
  Asterion (Elf:2)
  24 acid blobs
  9 sphinxes
  Frances (Shoals:1)
  11 death cobs
  Gastronok (Orc:1)
  9 shadow dragons
  Polyphemus (Shoals:2)
  9 tengu reavers
  14 storm dragons
  Aizul (Snake:1)
  3 nagarajas (Snake:4)
  Kirke (Lair:3)
  16 azure jellies
  Ilsuiw (Shoals:2)
  8 protean progenitors
  12 draconian monks
  13 draconian shifters
  11 rockslimes
  8 draconian scorchers
  An iron dragon (Vaults:5)
  12 fire giants
  4 frost giants
  15 draconian knights
  4 ghost moths
  6 deep elf sorcerers (Elf:3)
  14 vault wardens
  2 balrugs
  3 deep elf elementalists (Elf:3)
  30 ironbound preservers
  7 draconian stormcallers
  2 spriggan defenders (Depths:2)
  6 formless jellyfish
  15 very ugly things
  13 stone giants
  8 quicksilver oozes
  16 draconian annihilators
  9 green draconians
  2 broodmothers (Zot:3)
  6 ironbound thunderhulks
  4 vampire knights
  3 deep elf demonologists
  5 deep elf death magi
  19 dire elephants
  10 black draconians
  13 yellow draconians
  17 white draconians
  5 deep elf annihilators
  3 spark wasps
  17 purple draconians
  A minotaur (Gauntlet)
  21 red draconians
  7 merfolk impalers
  A blizzard demon (Depths:3)
  A quicksilver dragon zombie (D:15)
  4 crystal guardians
  7 merfolk javelineers
  Snorg (Lair:4)
  3 entropy weavers
  7 deep elf high priests
  17 yaktaur captains
  8 ettins
  5 hydras
  6 fire dragons
  7 great orbs of eyes
  3 spriggan air magi
  44 vault guards
  6 radroaches (WizLab)
  5 merfolk avatars
  A catoblepas (Shoals:1)
  14 ironbound frosthearts
  An ogre mage (Vaults:5)
  A hell beast (Depths:3)
  4 peacekeepers
  3 boulder beetles
  3 death knights
  4 rakshasas
  6 ice dragons
  9 salamander tyrants
  Erica (D:8)
  A boulder beetle (shapeshifter) (WizLab)
  14 death yaks
  3 merfolk aquamancers
  A two-headed ogre (shapeshifter) (Vaults:5)
  13 centaur warriors
  12 anacondas
  30 dancing weapons
  A satyr (Shoals:3)
  5 two-headed ogres
  A tengu warrior (Gauntlet)
  6 deep troll shamans
  The ghost of Posi the Frost Mage, a novice DsIE of Qazlal (D:7)
  8 deep troll earth magi
  4 spriggan berserkers
  9 orc high priests
  A vampire mage (D:15)
  8 shock serpents
  2 occultists
  Sonja (D:10)
  16 naga sharpshooters
  8 hell knights
  4 sun demons
  15 deep elf knights
  5 skysharks
  3 spriggans
  A soul eater (D:1)
  8 naga warriors
  2 sixfirhies
  5 salamander mystics
  4 skeletal warriors
  4 iron trolls
  2 goliath frogs (Zot:3)
  A skyshark (shapeshifter) (Vaults:3)
  3 deep trolls (shapeshifter)
  2 flayed ghosts
  18 sea snakes
  4 arcanists
  A cherub (D:8)
  93 deep trolls
  5 mana vipers
  12 glowing orange brains
  6 naga ritualists
  14 ironbound convokers
  2 mana vipers (shapeshifter)
  9 deep elf archers
  5 lindwurms
  An orb spider (shapeshifter) (WizLab)
  7 large abominations (WizLab)
  13 orc knights
  4 necromancers
  3 steelbarb worms (shapeshifter) (WizLab)
  2 thermic dynamos (Elf:3)
  An obsidian statue (D:9)
  19 deep elf zephyrmancers
  A harpy (shapeshifter) (WizLab)
  11 harpies
  42 ugly things
  2 obsidian bats (Orc:2)
  6 phantasmal warriors
  An orange crystal statue (D:10)
  32 deep elf pyromancers
  A manticore (shapeshifter) (WizLab)
  3 orc sorcerers
  2 wolf spiders
  7 shining eyes
  7 fauns
  21 salamanders
  13 manticores
  5 cyclopes
  A cyclops (shapeshifter) (WizLab)
  A kobold blastminer (Orc:1)
  4 water nymphs
  8 merfolk sirens
  15 guardian serpents
  A meliai (shapeshifter) (D:12)
  38 black mambas
  2 elephants (shapeshifter)
  Joseph (D:8)
  An ice statue (Zot:4)
  14 naga magi
  38 moths of wrath
  A rust devil (Depths:3)
  A black mamba (shapeshifter) (Elf:2)
  2 smoke demons (Depths:2)
  9 elephants
  3 molten gargoyles (Lair:5)
  An orange demon (D:2)
  2 storm dragon simulacra (Zot:3)
  4 eyes of devastation
  2 gargoyles
  28 vault sentinels
  11 cane toads
  2 kobold demonologists
  A yaktaur (shapeshifter) (Depths:1)
  22 yaktaurs
  An efreet (D:13)
  4 freezing wraiths
  An ice devil (D:1)
  2 tengu conjurers (Gauntlet)
  A komodo dragon (shapeshifter) (WizLab)
  12 komodo dragons
  5 rime drakes
  8 trolls
  4 polar bears
  A merfolk (shapeshifter) (Depths:3)
  A polar bear (shapeshifter) (WizLab)
  19 merfolk
  9 wind drakes
  A hornet (shapeshifter) (WizLab)
  5 glass eyes
  Grinder (D:5)
  A wind drake (shapeshifter) (Depths:2)
  5 blink frogs
  A raiju (Gauntlet)
  4 hornets
  12 snapping turtles
  A jumping spider (Vaults:4)
  2 jumping spiders (shapeshifter)
  119 slime creatures
  2 culicivoras (shapeshifter) (WizLab)
  9 water elementals
  A spriggan (shapeshifter) (D:15)
  A centaur simulacrum (D:14)
  5 air elementals
  A yak (shapeshifter) (D:14)
  2 vampires (D:12)
  31 yaks
  A spriggan skeleton (D:15)
  12 humans
  3 fire elementals (Elf:2)
  7 wyverns
  4 wraiths
  5 steam dragons
  6 hogs (Lair:3)
  7 basilisks
  An iron golem (WizLab)
  5 wargs
  2 redbacks
  18 vampire mosquitoes
  13 water moccasins
  51 nagas
  3 swamp worms (Zot:3)
  6 small abominations (WizLab)
  2 acid dragons
  2 swamp worms (shapeshifter) (WizLab)
  3 hell hounds (Lair:5)
  2 ice beasts
  A sky beast (shapeshifter) (D:15)
  3 black bears
  2 sky beasts (D:8)
  38 orc warriors
  3 wolves (Lair:2)
  5 ogres
  3 centaurs
  4 phantoms
  3 kobold brigands
  4 bullfrogs
  A weeping skull (Ossuary)
  3 gnoll sergeants
  2 scorpions (D:5)
  A scorpion (shapeshifter) (Vaults:5)
  4 earth elementals (Elf:2)
  20 wights
  10 killer bees
  The ghost of DeathSocks the Sneak, a weakling DsDe (D:3)
  8 howler monkeys
  3 electric eels
  4 bombardier beetles
  5 lava snakes (Lair:5)
  6 jellies
  35 orc priests
  2 gnoll boudas
  2 hounds
  4 sleepcaps
  5 centaur skeletons (Ossuary)
  4 iguanas
  Natasha (thrice) (D:3)
  15 orc wizards
  12 hell rats
  Ijyb (D:3)
  12 mummies (Ossuary)
  Robin (D:2)
  21 gnolls
  5 adders
  2 white imps
  2 ufetubi (D:5)
  2 dart slugs (D:1)
  5 ribbon worms
  96 orcs
  13 ball pythons
  11 endoplasms
  3 giant cockroaches
  6 hobgoblins
  4 jackals
  19 kobolds
  4 quokkas
  4 bats
  3 frilled lizards
  16 goblins
  2 kobold skeletons (Ossuary)
  An orc skeleton (Ossuary)
  7 rats
  10 spectral rats (Ossuary)
  An aspiring flesh (Zot:2)
  20 tentacles
2451 creatures vanquished.

Vanquished Creatures (collateral kills)
  2 hydras
  A dancing weapon (Elf:2)
  2 shining eyes
  A kobold blastminer (Orc:1)
  An orc priest (Orc:1)
  An adder (D:6)
  An orc (Orc:1)
9 creatures vanquished.

Vanquished Creatures (others)
  A tentacled monstrosity (Zot:3)
  A draconian knight (Zot:3)
  A stone giant (Depths:2)
  A yaktaur captain (Vaults:1)
  A vault guard (D:13)
  A quicksilver dragon simulacrum (Zot:3)
  A deep elf pyromancer (Elf:2)
  A merfolk siren (Shoals:2)
  A storm dragon simulacrum (Zot:3)
  A yaktaur (Vaults:5)
  An air elemental (Elf:1)
  A moth of wrath simulacrum (Zot:3)
  An electric eel (Elf:1)
  An orc wizard (D:12)
  An orc (D:12)
  16 tentacles
31 creatures vanquished.

Grand Total: 2491 creatures vanquished

Notes
Turn   | Place    | Note
-------+----------+-------------------------------------------
     0 | D:1      | starberry the Troll Conjurer began the quest for the Orb.
     0 | D:1      | Reached XP level 1. HP: 16/16 MP: 1/1
    94 | D:1      | Reached skill level 1 in Unarmed Combat
   142 | D:1      | Reached XP level 2. HP: 23/24 MP: 2/2
   746 | D:1      | Reached XP level 3. HP: 31/31 MP: 3/3
   831 | D:1      | Found a faded altar of an unknown god.
  1545 | D:3      | Found a transporter.
  1580 | D:3      | Found a hide-covered altar of Uskayaw.
  1580 | D:3      | Noticed a +0 hand axe
  1581 | D:3      | Noticed a +0 hand axe
  1612 | D:3      | Reached XP level 4. HP: 39/39 MP: 4/4
  1612 | D:3      | Found a snail-covered altar of Cheibriados.
  1651 | D:3      | Noticed Natasha
  1651 | D:3      | Noticed Ijyb
  1728 | D:3      | Identified the +0 halberd of the Ten Spines {venom, rN+
                  | Will- Str+4}
  1746 | D:3      | Found a transporter.
  1807 | D:3      | Identified the +0 helmet of the Moneychanger {rPois Will+
                  | Str+3}
  1807 | D:3      | Noticed Robin
  1846 | D:2      | Gained mutation: Your spells are a little easier to cast,
                  | but a little less powerful. [potion of mutation]
  1846 | D:2      | Gained mutation: You have large cloven feet. [potion of
                  | mutation]
  1853 | D:2      | Killed Robin
  1942 | D:3      | Found an opulent altar of Gozag.
  2008 | D:3      | Became a worshipper of Gozag Ym Sagoz the Greedy
  2351 | D:3      | Reached XP level 5. HP: 44/45 MP: 5/5
  2427 | D:3      | Reached skill level 5 in Unarmed Combat
  2817 | D:4      | Reached skill level 1 in Fighting
  3080 | D:4      | Reached XP level 6. HP: 54/59 MP: 6/6
  3300 | D:4      | Found a radiant altar of Vehumet.
  3967 | D:5      | Entered Level 5 of the Dungeon
  3993 | D:5      | Noticed a steam dragon
  4004 | D:5      | Noticed Grinder
  4109 | D:5      | Reached XP level 7. HP: 67/67 MP: 7/7
  4165 | D:5      | Found a sand-covered staircase.
  4172 | Ossuary  | Entered an ossuary
  4726 | D:5      | Paralysed by Grinder for 5 turns
  4760 | D:5      | Killed Grinder
  4761 | D:5      | Reached XP level 8. HP: 68/75 MP: 8/8
  4768 | D:5      | Found a shimmering altar of Xom.
  5238 | D:5      | Found a hazy altar of Hepliaklqana.
  5433 | D:5      | Reached skill level 10 in Unarmed Combat
  5714 | D:6      | Found a staircase to the Ecumenical Temple.
  5874 | D:6      | Reached XP level 9. HP: 81/83 MP: 9/9
  6008 | D:6      | Found a burning altar of Makhleb.
  6911 | D:7      | Reached skill level 1 in Evocations
  6949 | D:7      | Reached skill level 1 in Throwing
  7607 | D:7      | Found a blossoming altar of Fedhas.
  7931 | D:8      | Found a shadowy altar of Dithmenos.
  7944 | D:8      | Reached skill level 5 in Fighting
  7963 | D:8      | Noticed Erica
  8190 | D:8      | Noticed an elephant
  8249 | D:8      | Reached XP level 10. HP: 97/97 MP: 10/10
  8267 | D:8      | Found a runed translucent door.
  8278 | D:8      | Noticed Joseph
  8283 | D:8      | Noticed Posi's ghost (novice DsIE)
  8283 | D:8      | Noticed a cane toad
  8476 | D:8      | a water moccasin changed into a death drake
  8476 | D:8      | Noticed a death drake (shapeshifter)
  8484 | D:8      | Killed Joseph
  8605 | D:8      | Found a staircase to the Lair.
  8640 | D:8      | Killed an elephant
  8704 | D:8      | Learned a level 2 spell: Searing Ray
  8751 | D:8      | Noticed a harpy
  8855 | D:8      | Noticed a cane toad
  8861 | D:8      | a cane toad changed into a boggart
  8863 | D:8      | a boggart changed into a meliai
  8863 | D:8      | Noticed a meliai (shapeshifter)
  8991 | D:9      | Found a sacrificial altar of Ru.
  8992 | D:9      | Found an iron altar of Okawaru.
  9190 | D:9      | Noticed an obsidian statue
  9303 | D:9      | Reached skill level 1 in Shields
 10124 | D:10     | Entered Level 10 of the Dungeon
 10124 | D:10     | Found a bloodstained altar of Trog.
 10173 | D:10     | Noticed an orange crystal statue
 10185 | D:10     | Found a white marble altar of Elyvilon.
 10202 | D:10     | Found a sparkling altar of Nemelex Xobeh.
 10330 | D:10     | Noticed a two-headed ogre
 10333 | D:10     | Killed a two-headed ogre
 10334 | D:10     | Reached XP level 11. HP: 109/109 MP: 13/13
 10344 | D:10     | Found a broken altar of Ashenzari.
 10831 | D:10     | Noticed Sonja
 10837 | D:10     | Killed Sonja
 11065 | D:3      | Killed Ijyb
 11068 | D:3      | Killed Natasha
 11091 | D:3      | Found a hide-covered altar of Uskayaw.
 11181 | D:3      | Found a transporter.
 11206 | D:3      | Noticed DeathSocks's ghost (weakling DsDe)
 11263 | D:3      | Noticed Natasha
 11270 | D:3      | Killed Natasha
 11276 | D:3      | Found an opulent altar of Gozag.
 11332 | D:3      | Found a transporter.
 11376 | D:3      | Found a transporter.
 11446 | D:3      | Found a hide-covered altar of Uskayaw.
 11565 | D:3      | Found a snail-covered altar of Cheibriados.
 11716 | D:3      | Noticed Natasha
 11720 | D:3      | Killed Natasha
 11721 | D:3      | Reached skill level 5 in Shields
 11813 | Lair:1   | Entered Level 1 of the Lair of Beasts
 13944 | Lair:2   | Found a staircase to the Snake Pit.
 13960 | Lair:2   | Reached XP level 12. HP: 88/118 MP: 8/14
 14039 | Lair:2   | Found a staircase to the Shoals.
 14279 | Lair:3   | Noticed a five-headed hydra
 14296 | Lair:3   | Killed a five-headed hydra
 14361 | Lair:3   | Noticed Kirke
 14855 | Lair:3   | Killed Kirke
 15208 | Lair:3   | Reached skill level 10 in Shields
 15473 | Lair:4   | Noticed a boulder beetle
 15487 | Lair:4   | Killed a boulder beetle
 15492 | Lair:4   | Noticed Snorg
 15515 | Lair:4   | Killed Snorg
 15516 | Lair:4   | Reached skill level 15 in Unarmed Combat
 15525 | Lair:4   | Found a gate leading to a gauntlet.
 15537 | Gauntlet | Entered a Gauntlet
 15537 | Gauntlet | Found a transporter.
 15537 | Gauntlet | Found a runed translucent door.
 15537 | Gauntlet | Found a runed translucent door.
 15537 | Gauntlet | Found a transporter.
 15538 | Gauntlet | Found a transporter.
 15538 | Gauntlet | Noticed a tengu warrior
 15539 | Gauntlet | Found a transporter.
 15539 | Gauntlet | Found a transporter.
 15542 | Gauntlet | Found a transporter.
 15548 | Gauntlet | Found a runed translucent gate.
 15548 | Gauntlet | Found a runed translucent gate.
 15548 | Gauntlet | Found a runed translucent gate.
 15548 | Gauntlet | Found a transporter.
 15550 | Gauntlet | Found a transporter.
 15551 | Gauntlet | Found a transporter.
 15553 | Gauntlet | Found a transporter.
 15555 | Gauntlet | Noticed a death yak
 15555 | Gauntlet | Noticed a death yak
 15555 | Gauntlet | Noticed a death yak
 15555 | Gauntlet | Noticed a death yak
 15556 | Gauntlet | Noticed a death yak
 15561 | Gauntlet | Found a transporter.
 15562 | Gauntlet | Found a transporter.
 15734 | Gauntlet | Killed a tengu warrior
 15806 | Gauntlet | Killed a death yak
 15811 | Gauntlet | Killed a death yak
 15816 | Gauntlet | Killed a death yak
 15817 | Gauntlet | Reached XP level 13. HP: 114/126 MP: 13/15
 15905 | Gauntlet | Noticed a minotaur
 15913 | Gauntlet | Killed a minotaur
 15923 | Gauntlet | Identified the ring of Hueto {Ice Will- Str+9 Stlth+}
 15923 | Gauntlet | Identified the +3 leather armour of Pathos {rElec rF+}
 15923 | Gauntlet | Identified the +2 hand axe "Diwe" {freeze, rPois Str+3}
 16690 | Lair:4   | Identified the ring "Finkicw" {Wiz Int+3}
 17037 | Lair:5   | Entered Level 5 of the Lair of Beasts
 17070 | Lair:5   | Found a staircase to the Slime Pits.
 18213 | Lair:5   | Noticed a fire dragon
 18315 | Lair:5   | Reached XP level 14. HP: 120/140 MP: 11/16
 18383 | Lair:5   | Found a large runed translucent door.
 18384 | Lair:5   | Found a large runed translucent door.
 18817 | Lair:5   | Reached skill level 5 in Evocations
 19154 | D:7      | Killed Posi's ghost
 19311 | D:3      | Paralysed by a gnoll for 2 turns
 19342 | D:3      | Killed DeathSocks's ghost
 19726 | D:8      | Killed Erica
 19990 | D:11     | Identified the +2 flail of Dishonesty {freeze, rC++ Str+3}
 20190 | D:11     | Found a staircase to the Orcish Mines.
 20583 | D:11     | Reached skill level 1 in Armour
 20780 | D:11     | Identified a scroll of acquirement
 20781 | D:11     | Acquired the +0 hat of Jigh {rElec Will+ Stlth+}
 20857 | Orc:1    | Entered Level 1 of the Orcish Mines
 20921 | Orc:2    | Entered Level 2 of the Orcish Mines
 21906 | Orc:2    | Found a staircase to the Elven Halls.
 22744 | Orc:1    | Noticed Gastronok
 22773 | Orc:1    | Killed Gastronok
 23269 | Orc:2    | Found Ziubb's General Store.
 23270 | Orc:2    | Found Cuog's Jewellery Shoppe.
 23270 | Orc:2    | Found Xyblis's Book Emporium.
 23271 | Orc:2    | Found Gacurph's Weapon Shoppe.
 23281 | Orc:2    | Bought a potion of cancellation for 104 gold pieces
 23281 | Orc:2    | Bought a potion of curing for 39 gold pieces
 23534 | D:8      | Bought a heavily runed cloak for 199 gold pieces
 23534 | D:8      | Identified the +2 cloak of Eculuj {+Blink rElec Str+2
                  | Dex-2} (You bought it in a shop on level 8 of the Dungeon)
 23566 | D:8      | Bought 6 curare-tipped darts for 108 gold pieces
 23754 | Orc:2    | Bought the amulet of the Four Winds {rN+ Will+++ Clar} for
                  | 910 gold pieces
 23754 | Orc:2    | Found the amulet of the Four Winds {rN+ Will+++ Clar}
 23764 | Orc:2    | Bought a ring of flight for 262 gold pieces
 23966 | D:10     | Reached skill level 10 in Fighting
 24087 | D:9      | Identified the ring of Hohuvot {rPois Will+ Dex+3}
 24093 | D:9      | Got the Cyclopedia of Egalitarianism
 24511 | D:12     | Reached XP level 15. HP: 112/149 MP: 17/17
 25509 | D:13     | Reached skill level 5 in Armour
 26220 | D:13     | Found a gate to the Vaults.
 26223 | D:13     | Found the +16 obsidian axe {drain, demonic, Mesm ^Drain Fly
                  | SInv}
 26403 | D:14     | Found an ornate altar of the Wu Jian Council.
 26403 | D:14     | Found a transporter.
 26635 | D:14     | Found a transporter.
 26647 | D:14     | Found a transporter.
 26913 | D:14     | Found a transporter.
 26913 | D:14     | Found a transporter.
 26994 | D:14     | Found a transporter.
 27021 | D:14     | Found a transporter.
 27202 | D:14     | Found a transporter.
 27203 | D:14     | Found an ornate altar of the Wu Jian Council.
 27203 | D:14     | Noticed a vault warden
 27439 | D:15     | Entered Level 15 of the Dungeon
 27439 | D:15     | Found Routyar's Distillery.
 27569 | D:15     | Bought a potion of curing for 36 gold pieces
 27569 | D:15     | Bought a potion of curing for 36 gold pieces
 27569 | D:15     | Bought a potion of curing for 36 gold pieces
 27569 | D:15     | Bought a potion of heal wounds for 60 gold pieces
 27569 | D:15     | Bought a potion of curing for 36 gold pieces
 28039 | D:15     | Found a staircase to the Depths.
 28242 | D:15     | Found Ducil's General Store.
 28348 | D:15     | Found Hoips's Distillery.
 28358 | D:15     | Bought a potion of resistance for 170 gold pieces
 28358 | D:15     | Bought a potion of curing for 51 gold pieces
 28765 | Orc:2    | Bought a manual of Shields for 1120 gold pieces
 29167 | Snake:1  | Entered Level 1 of the Snake Pit
 29625 | Snake:1  | Identified the serpent talisman of Nihilism {rN+ Dex+3}
 29625 | Snake:1  | Noticed Aizul
 29632 | Snake:1  | Reached XP level 16. HP: 135/158 MP: 18/18
 29642 | Snake:1  | Killed Aizul
 29761 | Snake:1  | Reached skill level 15 in Shields
 30579 | Snake:2  | Noticed Vashnia
 30645 | Snake:1  | Killed Vashnia
 32907 | Snake:3  | Identified the serpent talisman "Waotich" {rElec MP+9
                  | Int+4}
 33627 | Snake:4  | Entered Level 4 of the Snake Pit
 34214 | Snake:4  | Reached XP level 17. HP: 144/166 MP: 19/19
 34804 | Snake:4  | Found Zuikkem's Antique Armour Shop.
 34970 | Snake:4  | Found Ociqoelume's Distillery.
 35000 | Snake:4  | Bought a potion of degeneration for 22 gold pieces
 36205 | Snake:4  | Got a serpentine rune of Zot
 36374 | Shoals:1 | Entered Level 1 of the Shoals
 36447 | Shoals:1 | Found a runed translucent door.
 36474 | Shoals:1 | Noticed Frances
 36492 | Shoals:1 | Killed Frances
 36959 | Shoals:1 | Noticed a kraken
 36982 | Shoals:1 | Killed a kraken
 37367 | Shoals:1 | Identified the +2 helmet "Waenymor" {rPois Will+ Int+4
                  | Dex-2}
 37419 | Shoals:2 | Noticed Jorgrun
 37487 | Shoals:1 | Killed Jorgrun
 37749 | Shoals:2 | Noticed Ilsuiw
 38044 | Shoals:2 | Killed Ilsuiw
 38129 | Shoals:2 | Found Hetif's General Store.
 38233 | Shoals:2 | You fall into a shaft and drop 1 floor!
 38340 | Shoals:3 | Found Fublius's Jewellery Emporium.
 38853 | Shoals:2 | Reached XP level 18. HP: 185/185 MP: 20/20
 38941 | Shoals:2 | Noticed Polyphemus
 38962 | Shoals:2 | Killed Polyphemus
 39110 | Shoals:3 | Found Qukitt's Assorted Antiques.
 39114 | Shoals:3 | Bought a scroll labelled TUENKOUXT for 30 gold pieces
 39115 | Shoals:3 | Bought 2 potions of might for 240 gold pieces
 39163 | Shoals:3 | Found Onnez's Antique Weapon Boutique.
 39186 | Shoals:3 | Found Ethouj's Armour Shoppe.
 39318 | Shoals:3 | Found Gaefumny's Jewellery Shop.
 39326 | Shoals:3 | Bought the ring "Kaoxzial" {EV+5 Str+7 Int-2} for 1070 gold
                  | pieces
 39638 | Shoals:4 | Entered Level 4 of the Shoals
 40083 | Shoals:4 | Paralysed by a formless jellyfish for 1 turns
 40591 | Shoals:4 | Got a barnacled rune of Zot
 40871 | Shoals:4 | Reached skill level 10 in Armour
 41364 | Shoals:4 | Identified the +2 quarterstaff of Trauma {venom, rF+}
 41592 | Shoals:3 | Bought the ring of the Healing Gods {rElec rF+ Str+6 Int+7
                  | Dex+3} for 1560 gold pieces
 41825 | Vaults:1 | Entered Level 1 of the Vaults
 42234 | Vaults:1 | Noticed Saint Roka
 42336 | D:13     | Killed Saint Roka
 42745 | Vaults:1 | Reached skill level 5 in Dodging
 42835 | Vaults:1 | Found Yfoehowao's Antique Weapon Shoppe.
 43014 | Vaults:1 | Identified the +0 robe of Qittes {+Inv Int+3}
 43285 | Vaults:1 | Reached XP level 19. HP: 193/193 MP: 21/21
 43459 | Vaults:1 | Noticed Nikola
 43565 | Vaults:1 | Killed Nikola
 44370 | Vaults:2 | Reached skill level 5 in Throwing
 45058 | Vaults:2 | Found a staircase to the Crypt.
 46297 | Vaults:3 | Reached XP level 20. HP: 158/202 MP: 22/22
 46634 | Vaults:3 | Paralysed by a formless jellyfish for 1 turns
 47248 | Vaults:3 | Found Medost's Antique Weapon Shop.
 48381 | Vaults:4 | Paralysed by a formless jellyfish for 1 turns
 48956 | Vaults:4 | Reached skill level 10 in Throwing
 49285 | Vaults:4 | Identified the +7 short sword of the Sharing Visionary
                  | {pain, Int+4 Stlth+}
 49467 | Vaults:4 | Identified the amulet of Imuyge {Spirit rElec Str+5 Int+4
                  | Slay+4}
 49479 | Vaults:4 | Identified the staff of the Supporting Oracle {rN+ Will-
                  | rCorr Dex+3 Stlth+ Necro}
 49480 | Vaults:4 | Identified the staff of Ilyful {rElec rCorr Stlth+ Conj
                  | Air}
 49776 | Elf:1    | Entered Level 1 of the Elven Halls
 49953 | Elf:1    | Identified the +1 robe of Hipliw {rElec rPois Regen+ Str-3
                  | Int+3}
 50054 | Elf:1    | Found Zuxoh's Assorted Antiques.
 50057 | Elf:1    | Bought a wand of warping (7) for 520 gold pieces
 50079 | Elf:1    | Paralysed by an air elemental for 1 turns
 50139 | Elf:1    | Found Soetiqeh's Jewellery Shop.
 50140 | Elf:1    | Found Zuyre's Book Emporium.
 50141 | Elf:1    | Found Puiclodu's Jewellery Shop.
 50151 | Elf:1    | Bought the ring of Efofrowi {Fly AC+4} for 631 gold pieces
 50184 | Elf:1    | Found Oghizust's Distillery.
 50201 | Elf:1    | Bought a potion of curing for 33 gold pieces
 50201 | Elf:1    | Bought a potion of heal wounds for 55 gold pieces
 50237 | Elf:1    | Found Jaguwk's Magic Scroll Boutique.
 50240 | Elf:1    | Bought a scroll of fog for 48 gold pieces
 50367 | Elf:1    | Found a shimmering blue altar of Sif Muna.
 50377 | Elf:1    | Reached XP level 21. HP: 210/210 MP: 21/23
 50388 | Elf:1    | Found Qacot's General Store.
 50415 | Elf:1    | Paralysed by an air elemental for 1 turns
 50734 | Elf:2    | Paralysed by an air elemental for 1 turns
 50867 | Elf:2    | Paralysed by an air elemental for 1 turns
 51338 | Elf:2    | Found a runed translucent gate.
 51338 | Elf:2    | Found a runed translucent gate.
 51340 | Elf:2    | Found a runed translucent gate.
 51694 | Elf:2    | Noticed Asterion
 51723 | Elf:2    | Killed Asterion
 52345 | Elf:3    | Entered Level 3 of the Elven Halls
 52699 | Elf:3    | Identified the ring "Pepi" {Wiz +Blink rCorr}
 52699 | Elf:3    | Identified the +0 buckler of the Meadowlark {Int+3}
 52764 | Elf:3    | Identified the +6 chain mail of Quoqidue {Str+2 Int+2
                  | Dex-4}
 53474 | Elf:3    | Identified the +0 robe "Zedex" {rPois Regen+ Str+4 Dex-5}
 53798 | Elf:3    | Identified the staff of Elyvilon's Wrath {rF+ Str+8 Int-3
                  | Fire}
 53804 | Elf:3    | Got the Monograph on the Sun
 53808 | Elf:3    | Learned a level 2 spell: Blink
 53816 | Elf:3    | Got Sif Muna's Catalogue of Glowing Arcane Combat
 53919 | Elf:3    | Identified the staff of Cushruuc {rC+ SInv Ice}
 53971 | Elf:3    | Learned a level 2 spell: Lesser Beckoning
 54389 | Depths:1 | Entered Level 1 of the Depths
 54484 | Depths:1 | Reached skill level 1 in Translocations
 54659 | Depths:1 | Found a gateway to Hell.
 54672 | Depths:1 | Acquired 487 gold pieces
 54760 | Depths:1 | Found a glowing golden altar of the Shining One.
 54926 | Depths:1 | Found a one-way gate to the infinite horrors of the Abyss.
 55190 | Depths:1 | Reached XP level 22. HP: 221/223 MP: 20/25
 55669 | Depths:2 | Found a one-way gateway to a ziggurat.
 56557 | Depths:2 | Found a one-way gate leading to the halls of Pandemonium.
 56940 | Depths:3 | Found a corrupted altar of Lugonu.
 57907 | Depths:4 | Entered Level 4 of the Depths
 58022 | Depths:4 | Found a magical portal.
 58036 | WizLab   | Entered Cigotuvi's Fleshworks
 58467 | WizLab   | Identified the amulet of Jealousy {Faith rCorr Int+3
                  | Stlth+}
 58823 | WizLab   | Identified the flux talisman of the Eight Boll Weevils
                  | {rN+++ Will- Str-4 Int+8}
 58826 | WizLab   | Got Cigotuvi's Enchiridion on Caliginous Tinctures
 58858 | WizLab   | Reached skill level 5 in Translocations
 58928 | WizLab   | Reached skill level 15 in Fighting
 58953 | WizLab   | Reached skill level 15 in Armour
 59054 | Depths:4 | Reached skill level 5 in Spellcasting
 59567 | Depths:4 | Reached XP level 23. HP: 225/235 MP: 27/29
 59656 | Depths:4 | Found a gate to the Realm of Zot.
 59752 | Depths:4 | Noticed a juggernaut
 59762 | Depths:4 | Killed a juggernaut
 60119 | Depths:4 | Reached skill level 10 in Dodging
 61053 | Vaults:5 | Entered Level 5 of the Vaults
 61053 | Vaults:5 | Noticed Mennas
 61408 | Vaults:5 | Identified the +6 mace of Plunder {vamp, Will++}
 61498 | Vaults:5 | Identified the +4 battleaxe of Instinct {flame, rElec rC-
                  | Str+8}
 61699 | Vaults:5 | Found Saushrorut's Antique Weapon Shop.
 62120 | Vaults:5 | Noticed a dread lich
 62171 | Vaults:5 | Killed a dread lich
 62184 | Vaults:5 | Identified the +4 halberd "Loopy" {elec, Dex+2}
 62275 | Vaults:5 | Killed Mennas
 62444 | Vaults:5 | Found Zeugongicau's Distillery.
 62503 | Vaults:5 | Bought a potion of curing for 51 gold pieces
 62503 | Vaults:5 | Bought a potion of curing for 51 gold pieces
 62503 | Vaults:5 | Bought a potion of curing for 51 gold pieces
 62503 | Vaults:5 | Bought a potion of curing for 51 gold pieces
 62596 | Vaults:5 | Found Oriloofye's Magic Scroll Shoppe.
 62607 | Vaults:5 | Bought a scroll of blinking for 112 gold pieces
 62607 | Vaults:5 | Bought a scroll of enchant armour for 112 gold pieces
 62607 | Vaults:5 | Bought a scroll of enchant armour for 112 gold pieces
 62695 | Vaults:5 | Reached skill level 15 in Throwing
 62866 | Vaults:5 | Noticed a dread lich
 62871 | Vaults:5 | Killed a dread lich
 62908 | Vaults:5 | Reached XP level 24. HP: 239/244 MP: 28/29
 63231 | Vaults:5 | Got a silver rune of Zot
 63233 | Vaults:5 | Got Sif Muna's Textbook on Leadership
 63377 | Vaults:5 | Identified the +1 falchion of Lidagocs {speed, rElec rPois
                  | Int+4 Dex+2}
 63669 | Vaults:5 | Identified the ring of Ciwkofal {Fire Int+4}
 64360 | Slime:1  | Entered Level 1 of the Pits of Slime
 64598 | D:8      | Bought a scroll of immolation for 60 gold pieces
 64971 | Slime:2  | Gained mutation: You are frail. (-10% HP) [a shining eye]
 65297 | Slime:4  | Paralysed by a formless jellyfish for 1 turns
 65304 | Slime:4  | Paralysed by a formless jellyfish for 1 turns
 65513 | Slime:5  | Entered Level 5 of the Pits of Slime
 65689 | Slime:5  | Found the +8 storm bow {elec, penet}
 66031 | Slime:5  | Gained mutation: You occasionally lose the ability to read
                  | scrolls when taking damage. [a shining eye]
 66128 | Slime:5  | Noticed the Royal Jelly
 66875 | Slime:5  | Found a viscous altar of Jiyva.
 67175 | Slime:5  | Killed the Royal Jelly
 67805 | Slime:5  | Identified the +3 broad axe of the Forging Madman {heavy,
                  | rC+ Str+3}
 67817 | Slime:5  | Identified the +4 orcbow of the Five Songs {heavy, Str+8}
 67906 | Slime:5  | Identified the +9 hand axe of Havoc {vamp, rC+ Str+2}
 67947 | Slime:5  | Found the +7 great mace "Firestarter" {flame, immolate,
                  | rFlCloud rF++}
 67995 | Slime:5  | Identified the +5 lajatang of Imbalance {vamp, Stlth+}
 67997 | Slime:5  | Got Jadawe's Meditations on Obstruction
 68047 | Slime:5  | Got a slimy rune of Zot
 68050 | Slime:5  | Identified the +5 scimitar "Ultimatum" {freeze, rN+ Dex+5}
 68126 | Lair:5   | Lost mutation: Your spells are a little easier to cast, but
                  | a little less powerful. [potion of mutation]
 68126 | Lair:5   | Lost mutation: You occasionally lose the ability to read
                  | scrolls when taking damage. [potion of mutation]
 68126 | Lair:5   | Lost mutation: You have large cloven feet. [potion of
                  | mutation]
 68126 | Lair:5   | Gained mutation: You passively map a small area around you.
                  | [potion of mutation]
 68126 | Lair:5   | Gained mutation: Your skin changes colour to match your
                  | surroundings (Stealth+). [potion of mutation]
 68126 | Lair:5   | Gained mutation: You are somewhat resistant to further
                  | mutation. [potion of mutation]
 68127 | Lair:5   | Lost mutation: You are frail. (-10% HP) [potion of
                  | mutation]
 68127 | Lair:5   | Lost mutation: Your skin changes colour to match your
                  | surroundings (Stealth+). [potion of mutation]
 68127 | Lair:5   | Lost mutation: You are somewhat resistant to further
                  | mutation. [potion of mutation]
 68127 | Lair:5   | Gained mutation: You occasionally shout uncontrollably at
                  | your foes. [potion of mutation]
 68127 | Lair:5   | Gained mutation: Your magical capacity is low. (-10% MP)
                  | [potion of mutation]
 68127 | Lair:5   | Lost mutation: You occasionally shout uncontrollably at
                  | your foes. [potion of mutation]
 68526 | Zot:1    | Entered Level 1 of the Realm of Zot
 68526 | Zot:1    | Noticed a Killer Klown
 68526 | Zot:1    | Noticed a Killer Klown
 68539 | Depths:4 | Killed a Killer Klown
 68563 | Depths:4 | Killed a Killer Klown
 68800 | Zot:1    | Noticed an ancient lich
 68875 | Depths:4 | Killed an ancient lich
 69808 | Zot:1    | Reached XP level 25. HP: 247/267 MP: 25/26
 70468 | Zot:2    | Noticed a Killer Klown
 70490 | Zot:2    | Killed a Killer Klown
 70945 | Zot:2    | Noticed a dread lich
 70961 | Zot:2    | Killed a dread lich
 70973 | Zot:2    | Identified the ring "Seuk" {rElec AC+4 Dex+4}
 70990 | Zot:2    | Noticed a dread lich
 70998 | Zot:2    | Noticed a dread lich
 71001 | Zot:2    | Killed a dread lich
 71005 | Zot:2    | Noticed a dread lich
 71123 | Zot:2    | Killed a dread lich
 71165 | Zot:2    | Killed a dread lich
 71314 | Zot:2    | Noticed a Killer Klown
 71331 | Zot:2    | Killed a Killer Klown
 73290 | Zot:3    | Identified the ring of Teomnaosh {Ice Will+ Stlth+}
 73290 | Zot:3    | Noticed Josephina
 73401 | Zot:2    | Killed Josephina
 74020 | Zot:3    | Identified the +1 quarterstaff "Imergh" {pain, rElec rPois}
 74141 | Zot:3    | Reached XP level 26. HP: 275/288 MP: 25/26
 74141 | Zot:3    | Noticed a dread lich
 74141 | Zot:3    | Noticed a dread lich
 74165 | Zot:3    | Killed a dread lich
 74192 | Zot:3    | Killed a dread lich
 75453 | Zot:4    | Gained mutation: You occasionally lose the ability to read
                  | scrolls when taking damage. [a shining eye]
 75599 | Zot:4    | Gained mutation: Potions are less effective at restoring
                  | your health. [a shining eye]
 75602 | Zot:3    | Gained mutation: You occasionally shout uncontrollably at
                  | your foes. [a shining eye]
 75713 | Zot:3    | Lost mutation: You occasionally lose the ability to read
                  | scrolls when taking damage. [potion of mutation]
 75713 | Zot:3    | Lost mutation: Potions are less effective at restoring your
                  | health. [potion of mutation]
 75713 | Zot:3    | Lost mutation: You passively map a small area around you.
                  | [potion of mutation]
 75713 | Zot:3    | Gained mutation: You have hidden genetic potential. [potion
                  | of mutation]
 75713 | Zot:3    | Lost mutation: You occasionally shout uncontrollably at
                  | your foes. [potion of mutation]
 75713 | Zot:3    | Gained mutation: You possess an exceptional clarity of
                  | mind. [potion of mutation]
 76749 | Zot:4    | Identified the ring "Natzym" {rElec rPois Int+4 Dex+6}
 76945 | Zot:4    | Identified the +1 halberd "Tuaw" {speed, rPois rC+ Str+3
                  | Dex-4}
 77361 | Zot:5    | Entered Level 5 of the Realm of Zot
 78521 | Zot:5    | Noticed an orb of fire
 78522 | Zot:5    | Gained mutation: You are agile. (Dex +4, Str/Int -1) [an
                  | orb of fire]
 78527 | Zot:5    | Killed an orb of fire
 78531 | Zot:5    | Noticed an orb of fire
 78546 | Zot:5    | Gained mutation: You are frail. (-10% HP) [an orb of fire]
 78548 | Zot:5    | Lost mutation: You are agile. (Dex +4, Str/Int -1) [an orb
                  | of fire]
 78557 | Zot:5    | Killed an orb of fire
 78924 | Zot:5    | Noticed an orb of fire
 78935 | Zot:5    | Killed an orb of fire
 79149 | Zot:5    | Reached XP level 27. HP: 246/271 MP: 20/26
 79429 | Zot:5    | Got the Orb of Zot
 79431 | Zot:5    | Noticed an orb of fire
 79642 | Depths:3 | Noticed Nienlos the pandemonium lord
 79656 | Depths:3 | Killed Nienlos the pandemonium lord
 79825 | D:14     | Noticed a seraph
 79856 | D:12     | Noticed Mokkyuss the pandemonium lord
 80117 | D:1      | Noticed Bychos the pandemonium lord
 80125 | D:1      | Killed Bychos the pandemonium lord
 80151 | D:$      | Escaped with the Orb!

Illustrated notes

Levels and vault maps discovered:
D:1:      amcnicky_arrival_abandoned_market, layout_loops_ring,
          shapermc_ecumenical_altar_mp_ritualfount
D:2:      layout_basic
D:3:      layout_loops_ring, cheibriados_altar_1, grunt_gozag_breadcrumbs,
          dancing_weapons_uskayaw, gammafunk_ghost_gnarly_gnolls, uniq_robin,
          uniq_natasha, uniq_ijyb
D:4:      layout_cave_pods, vehumet_crystals, nicolae_zen_rock_garden
D:5:      layout_loops_cross, amcnicky_altar_gilded,
          mainiacjoe_overflow_alcove_2, chequers_ossuary_entry_cave,
          st_stairs_9, minmay_pentangle, uniq_grinder
D:6:      layout_layer_cave, mainiacjoe_overflow_24_doors,
          minmay_temple_entry_waves, kennysheep_flooded_box
D:7:      layout_loops_ring, fedhas_altar_4
D:8:      layout_basic, nicolae_dithmenos_the_darkroom, david_lair_generic,
          ebering_ghost_inner_flame, serial_library_hellmonk_open_square,
          uniq_joseph, uniq_erica
D:9:      layout_long_grid, grunt_temple_overflow_open, minivault_15
D:10:     layout_loops_ring, lemuel_crystal_altar,
          ashenzari_conservatory_becter, lemuel_crystal_altar,
          nemelex_diamond_rough_becter, minmay_statue_bubble, uniq_sonja
D:11:     layout_roguey, erik_orc_2, grunt_decor_cap
D:12:     layout_big_octagon, minmay_shattered_shrine
D:13:     minmay_spotlight, layout_stronghold, ximxim_vaults_locker_room
D:14:     dreamdust_wu_jian_sword_trials, layout_gridville,
          minmay_misc_feat_rows, nicolae_diode_quadrants
D:15:     gammafunk_depths_entry_grave, layout_rooms, nicolae_hexahallways,
          serial_shops, nicolae_lakefront_shop, shop, shop, minmay_microvault
Lair:1:   layout_gridlike
Lair:2:   layout_chaotic_city, shoals_dummy_entry, alex1729_snake_entry_snake
Lair:3:   layout_hall_layers, uniq_kirke
Lair:4:   layout_cave_pods, gauntlet_entry_generic, beast_lair_carwin_1,
          lemuel_fruit_fields, uniq_snorg
Lair:5:   cheibrodos_lair_end_hotspot, layout_regular_city,
          nicolae_slime_entry_field_trip, chequers_serial_rivers_large_a,
          grunt_forest_stairs_basic, st_stairs_9
Shoals:1: layout_shoals, lightli_airlock, uniq_frances
Shoals:2: layout_shoals, nicolae_take_the_stairs, uniq_ilsuiw, uniq_polyphemus,
          uniq_jorgrun
Shoals:3: layout_shoals, serial_shops, nicolae_shop_back_alley_shop, shop, shop,
          shop, nicolae_shop_advertising_works [nicolae_subvault_shop_adworks]
Shoals:4: shoals_end_hangedman, layout_shoals
Snake:1:  layout_onion, nicolae_integral_box, uniq_aizul
Snake:2:  layout_layer_cave, nicolae_snake_snakes_in_the_grass, uniq_vashnia
Snake:3:  layout_grid_shapes
Snake:4:  snake_hunt, layout_chambers, grunt_megastairs_5, minmay_shoptagon,
          serial_bayou_shore_a
Slime:1:  layout_caves
Slime:2:  layout_caves, basic_altar
Slime:3:  layout_caves, nicolae_slime_barrier
Slime:4:  layout_caves
Slime:5:  slime_pit_nicolae_inversion
Orc:1:    layout_caves, uniq_gastronok
Orc:2:    st_orc_pillars, layout_caves
Elf:1:    minmay_elf_arrival_summoners, layout_gridlike, serial_shops, shop,
          nicolae_shop_tiny_statue_garden, shop_statue, nicolae_shop_rolled_up,
          basic_altar, kennysheep_underground_church, evilmike_minifort,
          minmay_shop_grove
Elf:2:    nicolae_elf_blades_splatter_lattice [nooodl_blade_entry_preview],
          layout_geoelf_octagon, uniq_asterion
Elf:3:    minmay_elf_hall_furrowed, layout_loops_cross
Vaults:1: v_misc_3, nicolae_vaults_diamond_2, grunt_vaults_swirl,
          nicolae_vaults_hexular_roomagon, nicolae_vaults_ring_of_whatevers,
          nicolae_vaults_shrinking_rooms_1, nicolae_vaults_yaktaur_gun_rack,
          nicolae_vaults_offset_grid_hallway_1, nicolae_vaults_apartment_1,
          dpeg_vaults_monster_box, nicolae_vaults_storage_closets_1,
          ontoclasm_vaults_fault, ontoclasm_vaults_gateway,
          ontoclasm_vaults_decontamination, layout_vaults_omnibox, serial_shops,
          shop, uniq_saint_roka, uniq_nikola
Vaults:2: nicolae_vaults_layer_cake_slice, hangedman_vaults_capsules,
          nicolae_vaults_two_Ls, ontoclasm_vaults_hangar,
          hangedman_vaults_stretched_pinwheel, hangedman_vaults_nails,
          hangedman_vaults_slither, nicolae_vaults_sesquioval_fish,
          nicolae_vaults_diagonal_hallway_6, vaults_dpeg_ring,
          layout_vaults_omnigrid
Vaults:3: nicolae_vaults_shrinking_rooms_2,
          nicolae_vaults_thirteen_compartments, hangedman_vaults_river_flow,
          nicolae_vaults_surprise_closet, nicolae_vaults_more_shelving_1,
          nicolae_vaults_three_branches, layout_vaults_chaotic_city,
          serial_shops, shop
Vaults:4: v_misc_25, v_misc_22, v_misc_2, nicolae_vaults_lightning_bolt,
          v_misc_24, nicolae_vaults_sightless_eye, hangedman_vaults_nodes,
          vaults_dpeg_spiral, serial_ice_g, serial_library_hellmonk_semicircle,
          nicolae_vaults_storing_the_good_stuff, layout_vaults_omnicross
Vaults:5: uniq_mennas
Depths:1: layout_gridlike, hell_entry, grunt_decor_resistance,
          abyss_entry_glasseish, minmay_liquid_box, tso_altar
Depths:2: hangedman_arch_fort, layout_gridlike, enter_ziggurat_a,
          rand_demon_pan_entry_5, hell_entry, chequers_big_river
Depths:3: nicolae_cairo_tiling, layout_cave_pools, hell_entry,
          abyss_entry_flame_altar, grunt_pan_entry_in_and_out, chequers_jeans,
          infiniplex_staircase_river
Depths:4: grunt_zot_entry_alcove, layout_gridlike, pan_entry,
          pf_hell_entry_tar_spiral, infiniplex_enter_wizlab_glasses,
          grunt_decor_one_mirror
Zot:1:    ebering_greatest_show_in_zot, layout_onion_interference
Zot:2:    hellmonk_paralyzer, layout_basic, hangedman_zot_decor_slant
Zot:3:    regret_index_infernal_bastille, layout_basic, skrybe_zot_glass_2,
          zot_minivault_7, uniq_josephina
Zot:4:    cheibrodos_frozen_isle, layout_misc_corridors
Zot:5:    layout_cathedral_of_symmetry

Skill      XL: |  1  2  3  4  5  6  7  8  9 10 11 12 13 14 15 16 17 18 19 20 21 22 23 24 25 26 27 |
---------------+----------------------------------------------------------------------------------+-----
Unarmed Combat | 1 2 3 4 5 6 8 10 11 12 14 15 16 17 18 19 20 21 22 23 | 23.4
Fighting       | 2 3 5 7 9 10 13 14 15 18 21 22 23 | 23.1
Evocations     | 2 3 4 6 |  6.0
Throwing       | 2 7 11 12 15 16 18 20 | 20.1
Shields        | 3 8 11 12 14 18 19 | 19.0
Spellcasting   | 2 5 |  5.0
Armour         | 4 7 11 12 13 14 15 | 15.0
Dodging        | 6 9 12 | 12.0
Translocations | 1 5 6 |  6.0
Stealth        | |  1.0
Conjurations   | |  2.9

Action                     |  1- 3 |  4- 6 |  7- 9 | 10-12 | 13-15 | 16-18 | 19-21 | 22-24 | 25-27 || total
---------------------------+-------+-------+-------+-------+-------+-------+-------+-------+-------++-------
  Melee: Unarmed           |   145 |   136 |   287 |   506 |  1509 |  1743 |  1576 |  1819 |  1303 ||  9024
         Punch             |     3 |     1 |    10 |     3 |       |       |       |       |       ||    17
         Kick              |       |    19 |    70 |   170 |   491 |   559 |   649 |   835 |       ||  2793
  Throw: Large rock        |       |       |       |     7 |       |       |     6 |    42 |    72 ||   127
         Javelin           |       |       |       |     3 |    11 |     3 |    10 |     9 |    32 ||    68
         Dart              |       |       |       |    15 |     4 |    10 |     3 |       |       ||    32
         Throwing net      |       |       |       |     1 |       |       |       |       |       ||     1
   Cast: Magic Dart        |    10 |     6 |       |       |       |       |       |       |       ||    16
         Lesser Beckoning  |       |       |       |       |       |       |       |    25 |    84 ||   109
         Blink             |       |       |       |       |       |       |       |     2 |     4 ||     6
 Invoke: Potion Petition   |       |       |       |     1 |     1 |     3 |     1 |     5 |     2 ||    13
         Call Merchant     |       |       |       |       |     4 |       |       |       |       ||     4
Ability: Evoke Blink       |       |       |       |       |       |       |     1 |       |       ||     1
  Evoke: Wand              |       |       |     1 |    24 |     8 |     8 |       |       |     1 ||    42
         Phantom mirror    |       |       |       |       |     4 |     2 |     1 |     1 |       ||     8
         Condenser vane    |       |       |       |       |       |     1 |     1 |     1 |     1 ||     4
         Phial of floods   |       |       |       |       |       |     1 |       |     1 |       ||     2
         Sack of spiders   |       |       |       |       |       |       |     1 |     1 |     1 ||     3
    Use: Scroll            |       |     5 |     7 |    12 |    10 |     6 |     5 |    10 |     2 ||    57
         Potion            |       |     1 |       |     3 |     3 |     5 |     2 |     6 |     3 ||    23
   Stab: Distracted        |     1 |       |     3 |     2 |     6 |     3 |     5 |     5 |    11 ||    36
         Sleeping          |     2 |     1 |       |       |     2 |       |       |       |       ||     5
         Paralysed         |       |       |       |     9 |       |     4 |       |       |       ||    13
         Held in net/web   |       |       |       |     1 |       |       |       |       |       ||     1
         Invisible         |       |       |       |       |       |       |       |     1 |       ||     1
 Armour: Robe              |    86 |   120 |   170 |   291 |   149 |       |       |       |       ||   816
         Skin              |       |       |       |     7 |       |       |       |       |       ||     7
         Fire dragon scale |       |       |       |       |   803 |   865 |       |       |       ||  1668
         Pearl dragon scal |       |       |       |       |       |   113 |   690 |   922 |   880 ||  2605
  Dodge: Dodged            |    58 |    71 |    72 |   113 |   457 |   381 |   307 |   512 |   296 ||  2267
  Block: Kite shield       |       |       |       |   156 |   744 |       |       |       |       ||   900
         Tower shield      |       |       |       |       |    74 |  1621 |  1135 |  1390 |   949 ||  5169

Table legend: (Time is in decaauts)
 A = Elapsed time spent in this place.
 B = Non-inter-level travel time spent in this place.
 C = Inter-level travel time spent in this place.
 D = Time resting spent in this place.
 E = Time spent auto-exploring this place.
 F = Levels seen in this place.
 G = Mean time per level.
                   A        B        C        D        E       F      G
               +--------+--------+--------+--------+--------+-----+--------+
         Total |  77725 |  69096 |   8629 |  11997 |  37688 |  55 | 1413.2 |
       Dungeon |  20147 |  16735 |   3412 |   1828 |  10685 |  15 | 1343.1 |
          Lair |   7773 |   6380 |   1393 |   1121 |   3687 |   5 | 1554.6 |
        Shoals |   5302 |   4722 |    580 |   1097 |   2169 |   4 | 1325.5 |
     Snake Pit |   6911 |   6675 |    236 |   1660 |   3343 |   4 | 1727.8 |
    Slime Pits |   3230 |   3002 |    228 |    655 |   1172 |   5 |  646.0 |
  Orcish Mines |   3120 |   2377 |    743 |    239 |   1218 |   2 | 1560.0 |
   Elven Halls |   4290 |   3950 |    340 |    621 |   2353 |   3 | 1430.0 |
        Vaults |   9940 |   9258 |    682 |   1343 |   5111 |   5 | 1988.0 |
        Depths |   5659 |   5129 |    530 |    709 |   3179 |   4 | 1414.8 |
           Zot |   9547 |   9064 |    483 |   2465 |   3946 |   5 | 1909.4 |
       Ossuary |    440 |    440 |      0 |     61 |    181 |   1 |  440.0 |
        Wizlab |    935 |    935 |      0 |    192 |    407 |   1 |  935.0 |
      Gauntlet |    424 |    424 |      0 |      1 |    236 |   1 |  424.0 |
               +--------+--------+--------+--------+--------+-----+--------+

Top non-repeatable levels by time:
   Zot:3: 3160 daAuts
Vaults:5: 2440 daAuts
   Orc:2: 2282 daAuts
     D:3: 2128 daAuts
  Lair:5: 2066 daAuts
 Snake:4: 2058 daAuts
Vaults:4: 1965 daAuts
Vaults:2: 1945 daAuts
Vaults:3: 1905 daAuts
   Zot:2: 1879 daAuts
Depths:4: 1844 daAuts
 Snake:2: 1827 daAuts
    D:13: 1807 daAuts
Depths:2: 1781 daAuts
   Zot:4: 1769 daAuts
